 Dungeon Crawl Stone Soup version 0.22.1-2-g9c5b331 (webtiles) character file.

91 Fang the Skirmisher (level 4, -5/29 HPs)
             Began as a Gargoyle Berserker on Dec 3, 2018.
             Was a Believer of Trog.
             Killed from afar by an orc wizard (12 damage)
             ... with a magic dart
             ... on level 3 of the Dungeon.
             The game lasted 00:01:50 (1368 turns).

Fang the Skirmisher (Gargoyle Berserker)            Turns: 1368, Time: 00:01:51

Health: -5/29      AC:  6    Str: 22    XL:     4   Next: 59%
Magic:  4/4        EV: 12    Int:  7    God:    Trog [**....]
Gold:   116        SH:  0    Dex:  9    Spells: 3/3 levels left

rFire    . . .     SeeInvis .   a - +0 hand axe
rCold    . . .     Gourm    .   (no shield)
rNeg     + . .     Faith    .   l - +0 leather armour (curse)
rPois    ∞         Spirit   .   (no helmet)
rElec    +         Reflect  .   (no cloak)
rCorr    .         Harm     .   (no gloves)
MR       .....                  (no boots)
Stlth    +.........             (no amulet)
HPRegen  0.09/turn              (no ring)
MPRegen  0.09/turn              (no ring)

@: no status effects
A: negative energy resistance 1, electricity resistance, unbreathing,
petrification resistance, rot immunity, AC +3
a: Berserk, Trog's Hand, Renounce Religion


You were on level 3 of the Dungeon.
You worshipped Trog.
Trog was pleased with you.
You were not hungry.

You visited 1 branch of the dungeon, and saw 3 of its levels.

You collected 116 gold pieces.

Inventory:

Hand Weapons
 a - a +0 hand axe (weapon)
Armour
 b - a +0 animal skin
 l - a cursed +0 leather armour (worn)
 p - a +0 chain mail
Wands
 n - a wand of iceblast (10)
Scrolls
 f - 4 scrolls of magic mapping {unknown}
 g - 2 scrolls of immolation {unknown}
 h - 3 scrolls of amnesia {unknown}
 i - 2 scrolls of remove curse {unknown}
 k - a scroll of blinking {unknown}
 m - a scroll of identify {unknown}
 o - a scroll of noise {unknown}
Potions
 d - 2 potions of curing {unknown}
 e - a potion of degeneration {unknown}
 j - 2 potions of berserk rage {unknown}
 r - a potion of haste {unknown}
Comestibles
 c - 2 rations


   Skills:
 + Level 4.2 Fighting
 + Level 3.6 Axes
 + Level 2.3 Armour
 + Level 2.3 Dodging


You had 3 spell levels left.
You didn't know any spells.
Your spell library was empty.

Dungeon Overview and Level Annotations

Branches:
Dungeon (3/15)

Altars:
The Shining One


Innate Abilities, Weirdness & Mutations

You are resistant to torment.
Your stone body is resilient. (AC +3)
You are immune to poison.
You resist negative energy. (rN+)
You are resistant to electric shocks. (rElec)
You can survive without breathing.
You are immune to petrification.
You are immune to rotting.


Message History

A puff of frost appears from out of thin air!
The puff of frost misses you.
You barely miss the orc wizard.
The orc wizard is lightly wounded.
You closely miss something. The orc wizard barely misses you.
Something hits you but does no damage.
Unknown command.
You closely miss the orc wizard.
The orc wizard is lightly wounded.
You hit something. Something hits you but does no damage.
The orc wizard gestures at you while chanting.
The magic dart hits you!
* * * LOW HITPOINT WARNING * * *
Unknown command.
You closely miss the orc wizard.
The orc wizard is lightly wounded.
You barely miss something.
The orc wizard points at you and mumbles some strange words.
The magic dart hits you!
You die...

###.. .... #...
#...## #....# #..r#
#.{o## #..@.#
#.####.#..# #.#...
#..# #.#.# #..#
#.#.# #..#
######...####..#
##..........##..#
.##..#......#.##..#
(............##..#


You could see an orc wizard and a rat.

Vanquished Creatures
  Terence (D:2)
  2 adders (D:2)
  2 worms (D:3)
  A dart slug (D:1)
  3 leopard geckos
  An orc (D:3)
  A giant cockroach (D:1)
  4 hobgoblins
  9 kobolds
  5 bats
  3 frilled lizards
  5 goblins
  2 rats (D:2)
39 creatures vanquished.

Notes
Turn   | Place    | Note
-------+----------+-------------------------------------------
     0 | D:1      | Fang the Gargoyle Berserker began the quest for the Orb.
     0 | D:1      | Reached XP level 1. HP: 14/14 MP: 1/1
   135 | D:1      | Reached XP level 2. HP: 15/19 MP: 2/2
   709 | D:2      | Reached XP level 3. HP: 13/24 MP: 3/3
   782 | D:2      | Noticed Terence
   796 | D:2      | Killed Terence
   796 | D:2      | Reached skill level 4 in Fighting
   796 | D:2      | Reached XP level 4. HP: 20/29 MP: 4/4
   971 | D:2      | Found a glowing golden altar of the Shining One.
  1073 | D:2      | Reached ** piety under Trog
  1368 | D:3      | Killed from afar by an orc wizard

Skill      XL: |  1  2  3 |
---------------+----------+-----
Axes           | 3 |  3.6
Dodging        | 2 |  2.3
Fighting       | 4 |  4.2
Armour         | |  2.3

Action                   |  1- 3 |  4- 6 || total
-------------------------+-------+-------++-------
Melee: Hand axe          |    67 |    43 ||   110
Invok: Berserk           |       |     1 ||     1
  Eat: Chunk             |       |     3 ||     3
Armor: Animal skin       |    11 |       ||    11
       Leather armour    |    12 |    18 ||    30
Dodge: Dodged            |    60 |    41 ||   101
